TOP OF THE 1ST |
Columbia River Rats batting - Pitching for Louisiana Dragoons : RHP Patrick Carlson
|
Pitching: RHP Patrick Carlson
|
|
Batting: LHB Ji-e Loh
|
0-0: Ball 1-0: DOUBLE (Line Drive, 9LM, EV 108.8 MPH)
|
Batting: RHB Lane Ruffin
|
0-0: Ground out 1-3 (Groundball, 13, EV 68.8 MPH) Ji-e Loh to third
|
Batting: SHB Dean Barthorpe
|
0-0: Foul Ball, location: 2F 0-1: Called Strike 0-2: Strikes out swinging
|
Batting: LHB Frank Morris
|
0-0: Ground out 4-3 (Groundball, 34, EV 107.5 MPH)
|
Top of the 1st over - 0 runs, 1 hit, 0 errors, 1 left on base; Columbia 0 - Louisiana 0 |
BOTTOM OF THE 1ST |
Louisiana Dragoons batting - Pitching for Columbia River Rats : LHP Poto Boldrini
|
Pitching: LHP Poto Boldrini
|
|
Batting: RHB Colt Allen
|
0-0: Called Strike 0-1: Ball 1-1: Ball 2-1: Foul Ball, location: 2F 2-2: Strikes out swinging
|
Batting: RHB Aubrey Callahan
|
0-0: Called Strike 0-1: Called Strike 0-2: Foul Ball, location: 2F 0-2: Ball 1-2: Ball 2-2: Foul Ball, location: 2F 2-2: Ball 3-2: Foul Ball, location: 2F 3-2: Fly out, F7 (Flyball, 7, EV 75.0 MPH)
|
Batting: RHB Jesse Garrett
|
0-0: Ball 1-0: Ball 2-0: Called Strike 2-1: Ball 3-1: Called Strike 3-2: Ground out 1-3 (Groundball, 15, EV 67.5 MPH)
|
Bottom of the 1st over - 0 runs, 0 hits, 0 errors, 0 left on base; Columbia 0 - Louisiana 0 |
TOP OF THE 2ND |
Columbia River Rats batting - Pitching for Louisiana Dragoons : RHP Patrick Carlson
|
Batting: RHB Cédric Causse
|
0-0: Ball 1-0: Ball 2-0: Called Strike 2-1: Ball 3-1: Fly out, F8 (Flyball, 8RM, EV 72.5 MPH)
|
Batting: RHB Pu-feng Zhou
|
0-0: Swinging Strike 0-1: Ball 1-1: Foul Ball, location: 2F 1-2: Strikes out swinging
|
Batting: LHB John Mayer
|
0-0: Ground out U3 (Groundball, 34, EV 84.4 MPH)
|
Top of the 2nd over - 0 runs, 0 hits, 0 errors, 0 left on base; Columbia 0 - Louisiana 0 |
BOTTOM OF THE 2ND |
Louisiana Dragoons batting - Pitching for Columbia River Rats : LHP Poto Boldrini
|
Batting: SHB Ron Carlisle
|
0-0: Ball 1-0: Called Strike 1-1: Foul Ball, location: 2F 1-2: Ball 2-2: Fly out, F9 (Flyball, 9LM, EV 91.9 MPH)
|
Batting: RHB Cristóbal Arteaga
|
0-0: Foul Ball, location: 2F 0-1: Ball 1-1: Ground out 1-3 (Groundball, 25, EV 86.9 MPH)
|
Batting: LHB Abraham Ruenuitz
|
0-0: Foul Ball, location: 2F 0-1: Ball 1-1: Foul Ball, location: 2F 1-2: Ground out U3 (Groundball, 3L, EV 105.0 MPH)
|
Bottom of the 2nd over - 0 runs, 0 hits, 0 errors, 0 left on base; Columbia 0 - Louisiana 0 |
TOP OF THE 3RD |
Columbia River Rats batting - Pitching for Louisiana Dragoons : RHP Patrick Carlson
|
Batting: LHB Seb Considine
|
0-0: Called Strike 0-1: Bunt for hit to 15S - play at first, batter OUT! 1-3
|
Batting: LHB Min-ho Yun
|
0-0: Ball 1-0: Swinging Strike 1-1: SINGLE (Flyball, 7S, EV 91.2 MPH)
|
Batting: LHB Ji-e Loh
|
0-0: Ball 1-0: Ball 2-0: Ball 3-0: Base on Balls Min-ho Yun to second
|
Batting: RHB Lane Ruffin
|
0-0: Ball 1-0: Ball 2-0: Called Strike 2-1: Called Strike 2-2: Strikes out swinging
|
Batting: SHB Dean Barthorpe
|
0-0: Called Strike 0-1: Foul Ball, location: 2F 0-2: Foul Ball, location: 2F 0-2: Ball 1-2: DOUBLE (Flyball, 78D, EV 101.2 MPH) Min-ho Yun scores Ji-e Loh to third
|
Batting: LHB Frank Morris
|
0-0: Ball 1-0: 3-RUN HOME RUN (Flyball, 89XD, EV 101.2 MPH), Distance : 415 ft
|
Batting: RHB Cédric Causse
|
0-0: Called Strike 0-1: Called Strike 0-2: Foul Ball, location: 2F 0-2: Ball 1-2: Ball 2-2: Foul Ball, location: 2F 2-2: Ball 3-2: Foul Ball, location: 2F 3-2: Foul Ball, location: 2F 3-2: Foul Ball, location: 2F 3-2: Strikes out swinging
|
Top of the 3rd over - 4 runs, 3 hits, 0 errors, 0 left on base; Columbia 4 - Louisiana 0 |
BOTTOM OF THE 3RD |
Louisiana Dragoons batting - Pitching for Columbia River Rats : LHP Poto Boldrini
|
Batting: LHB Rashid Jeltkov
|
0-0: Ball 1-0: SINGLE (Line Drive, 89S, EV 105.0 MPH)
|
Batting: RHB Si-xun Jin
|
0-0: Called Strike 0-1: Called Strike 0-2: Grounds into double play, 4-6-3 (Groundball, 34, EV 90.6 MPH)
|
Batting: RHB Héctor Puente
|
0-0: Called Strike 0-1: Ground out 1-3 (Groundball, 34S, EV 80.6 MPH)
|
Bottom of the 3rd over - 0 runs, 1 hit, 0 errors, 0 left on base; Columbia 4 - Louisiana 0 |
TOP OF THE 4TH |
Columbia River Rats batting - Pitching for Louisiana Dragoons : RHP Patrick Carlson
|
Batting: RHB Pu-feng Zhou
|
0-0: Ball 1-0: Ball 2-0: Fly out, F7 (Flyball, 7LMF, EV 95.6 MPH)
|
Batting: LHB John Mayer
|
0-0: Ball 1-0: Swinging Strike 1-1: Ball 2-1: Swinging Strike 2-2: Strikes out swinging
|
Batting: LHB Seb Considine
|
0-0: Called Strike 0-1: Swinging Strike 0-2: Strikes out swinging, 2-3 out at first.
|
Top of the 4th over - 0 runs, 0 hits, 0 errors, 0 left on base; Columbia 4 - Louisiana 0 |
BOTTOM OF THE 4TH |
Louisiana Dragoons batting - Pitching for Columbia River Rats : LHP Poto Boldrini
|
Batting: RHB Colt Allen
|
0-0: Foul Ball, location: 2F 0-1: Ball 1-1: Ball 2-1: Ground out 6-3 (Groundball, 6, EV 100.6 MPH)
|
Batting: RHB Aubrey Callahan
|
0-0: SINGLE (Groundball, 56D, EV 96.9 MPH)
|
Batting: RHB Jesse Garrett
|
0-0: Ball 1-0: Ball 2-0: Ball 3-0: Swinging Strike 3-1: Called Strike 3-2: Fly out, F3 (Popup, 3S, EV 75.0 MPH)
|
Batting: SHB Ron Carlisle
|
0-0: Called Strike 0-1: Ball 1-1: Swinging Strike 1-2: Ball 2-2: SINGLE (Flyball, 78M, EV 85.6 MPH) Aubrey Callahan to second
|
Batting: RHB Cristóbal Arteaga
|
0-0: Ground out 1-3 (Groundball, 13S, EV 72.5 MPH)
|
Bottom of the 4th over - 0 runs, 2 hits, 0 errors, 2 left on base; Columbia 4 - Louisiana 0 |
TOP OF THE 5TH |
Columbia River Rats batting - Pitching for Louisiana Dragoons : RHP Patrick Carlson
|
Batting: LHB Min-ho Yun
|
0-0: Ground out 4-3 (Groundball, 4, EV 103.1 MPH)
|
Batting: LHB Ji-e Loh
|
0-0: Fly out, F8 (Flyball, 78S, EV 95.0 MPH)
|
Batting: RHB Lane Ruffin
|
0-0: Ball 1-0: Foul Ball, location: 2F 1-1: Called Strike 1-2: Foul Ball, location: 2F 1-2: Ball 2-2: SINGLE (Groundball, 6MD, EV 98.1 MPH)
|
Batting: SHB Dean Barthorpe
|
0-0: Swinging Strike 0-1: Called Strike 0-2: Ground out 4-3 (Groundball, 4, EV 83.8 MPH)
|
Top of the 5th over - 0 runs, 1 hit, 0 errors, 1 left on base; Columbia 4 - Louisiana 0 |
BOTTOM OF THE 5TH |
Louisiana Dragoons batting - Pitching for Columbia River Rats : LHP Poto Boldrini
|
Batting: LHB Abraham Ruenuitz
|
0-0: Ball 1-0: Called Strike 1-1: Fly out, F9 (Line Drive, 9S, EV 92.5 MPH)
|
Batting: LHB Rashid Jeltkov
|
0-0: Foul Ball, location: 2F 0-1: Ball 1-1: Ball 2-1: Foul Ball, location: 2F 2-2: Ball 3-2: Foul Ball, location: 2F 3-2: Ground out 4-3 (Groundball, 4M, EV 101.9 MPH)
|
Batting: RHB Si-xun Jin
|
0-0: Called Strike 0-1: Ball 1-1: Ground out 6-3 (Groundball, 6, EV 85.0 MPH)
|
Bottom of the 5th over - 0 runs, 0 hits, 0 errors, 0 left on base; Columbia 4 - Louisiana 0 |
TOP OF THE 6TH |
Columbia River Rats batting - Pitching for Louisiana Dragoons : RHP Patrick Carlson
|
Batting: LHB Frank Morris
|
0-0: Ball 1-0: Swinging Strike 1-1: Ball 2-1: Fly out, F7 (Flyball, 7S, EV 70.6 MPH)
|
Batting: RHB Cédric Causse
|
0-0: Ground out 5-3 (Groundball, 56, EV 77.5 MPH)
|
Batting: RHB Pu-feng Zhou
|
0-0: Ground out 6-3 (Groundball, 6, EV 106.9 MPH)
|
Top of the 6th over - 0 runs, 0 hits, 0 errors, 0 left on base; Columbia 4 - Louisiana 0 |
BOTTOM OF THE 6TH |
Louisiana Dragoons batting - Pitching for Columbia River Rats : LHP Poto Boldrini
|
Batting: RHB Héctor Puente
|
0-0: Ball 1-0: Foul Ball, location: 2F 1-1: Foul Ball, location: 2F 1-2: Foul Ball, location: 2F 1-2: Ball 2-2: Ball 3-2: Foul Ball, location: 2F 3-2: Fly out, F9 (Flyball, 89M, EV 95.6 MPH)
|
Batting: RHB Colt Allen
|
0-0: Swinging Strike 0-1: Foul Ball, location: 2F 0-2: Strikes out swinging
|
Batting: RHB Aubrey Callahan
|
0-0: Ball 1-0: Called Strike 1-1: Ball 2-1: Ball 3-1: Foul Ball, location: 2F 3-2: Base on Balls
|
Batting: RHB Jesse Garrett
|
0-0: Ball 1-0: Swinging Strike 1-1: Swinging Strike 1-2: Ball 2-2: Fly out, F9 (Line Drive, 8RM, EV 88.1 MPH)
|
Bottom of the 6th over - 0 runs, 0 hits, 0 errors, 1 left on base; Columbia 4 - Louisiana 0 |
TOP OF THE 7TH |
Columbia River Rats batting - Pitching for Louisiana Dragoons : RHP Patrick Carlson
|
Batting: LHB John Mayer
|
0-0: Called Strike 0-1: TRIPLE (Line Drive, 8RXD, EV 103.1 MPH)
|
Batting: LHB Seb Considine
|
0-0: Ball 1-0: Ground out 4-3 (Groundball, 4, EV 87.5 MPH) John Mayer scores
|
Pitching: RHP Harry Golden
|
|
Batting: LHB Min-ho Yun
|
0-0: Ball 1-0: Ball 2-0: Foul Ball, location: 2F 2-1: Called Strike 2-2: Foul Ball, location: 2F 2-2: Strikes out swinging
|
Batting: LHB Ji-e Loh
|
0-0: Fly out, F7 (Flyball, 7S, EV 83.1 MPH)
|
Top of the 7th over - 1 run, 1 hit, 0 errors, 0 left on base; Columbia 5 - Louisiana 0 |
BOTTOM OF THE 7TH |
Louisiana Dragoons batting - Pitching for Columbia River Rats : LHP Poto Boldrini
|
Batting: SHB Ron Carlisle
|
0-0: Ball 1-0: Fly out, F9 (Flyball, 9LSF, EV 95.6 MPH)
|
Batting: RHB Cristóbal Arteaga
|
0-0: DOUBLE (Line Drive, 89D, EV 106.2 MPH)
|
Batting: LHB Abraham Ruenuitz
|
0-0: Ball 1-0: Called Strike 1-1: Foul Ball, location: 2F 1-2: Ball 2-2: Strikes out looking
|
Batting: LHB Rashid Jeltkov
|
0-0: Ball 1-0: Called Strike 1-1: Ball 2-1: Ground out 6-3 (Groundball, 6, EV 86.9 MPH)
|
Bottom of the 7th over - 0 runs, 1 hit, 0 errors, 1 left on base; Columbia 5 - Louisiana 0 |
TOP OF THE 8TH |
Columbia River Rats batting - Pitching for Louisiana Dragoons : RHP Harry Golden
|
Batting: RHB Lane Ruffin
|
0-0: Ball 1-0: Ground out 6-3 (Groundball, 6, EV 103.1 MPH)
|
Batting: SHB Dean Barthorpe
|
0-0: Foul Ball, location: 2F 0-1: Foul Ball, location: 2F 0-2: Strikes out swinging
|
Batting: LHB Frank Morris
|
0-0: Foul Ball, location: 2F 0-1: Ball 1-1: Called Strike 1-2: Ball 2-2: Strikes out looking
|
Top of the 8th over - 0 runs, 0 hits, 0 errors, 0 left on base; Columbia 5 - Louisiana 0 |
BOTTOM OF THE 8TH |
Louisiana Dragoons batting - Pitching for Columbia River Rats : LHP Poto Boldrini
|
Pitching: LHP Adri van Huizen
|
|
Batting: RHB Si-xun Jin
|
0-0: Ball 1-0: Foul Ball, location: 2F 1-1: Called Strike 1-2: Ball 2-2: Strikes out swinging
|
Batting: RHB Héctor Puente
|
0-0: Ball 1-0: Called Strike 1-1: Foul Ball, location: 2F 1-2: SINGLE (Groundball, 6D, EV 100.6 MPH)
|
Batting: RHB Colt Allen
|
0-0: Ball 1-0: Ball 2-0: Called Strike 2-1: Foul Ball, location: 2F 2-2: Foul Ball, location: 2F 2-2: Strikes out swinging
|
Batting: RHB Aubrey Callahan
|
0-0: Ball 1-0: Called Strike 1-1: Ball 2-1: Called Strike 2-2: Ball 3-2: Strikes out swinging
|
Bottom of the 8th over - 0 runs, 1 hit, 0 errors, 1 left on base; Columbia 5 - Louisiana 0 |
TOP OF THE 9TH |
Columbia River Rats batting - Pitching for Louisiana Dragoons : RHP Harry Golden
|
Pitching: RHP Maverick McNealy
|
|
Batting: RHB Cédric Causse
|
0-0: SINGLE (Groundball, 6MD, EV 98.1 MPH)
|
Batting: RHB Pu-feng Zhou
|
0-0: Called Strike 0-1: Called Strike 0-2: Strikes out swinging
|
Batting: LHB John Mayer
|
0-0: Ball 1-0: Ball 2-0: Called Strike 2-1: Ball 3-1: Base on Balls Cédric Causse to second
|
Batting: LHB Seb Considine
|
0-0: Swinging Strike 0-1: Called Strike 0-2: Ball 1-2: Ball 2-2: Strikes out swinging
|
Batting: LHB Min-ho Yun
|
0-0: Ball 1-0: Ball 2-0: Ball 3-0: Called Strike 3-1: Foul Ball, location: 2F 3-2: Fly out, F6 (Popup, 4MD, EV 62.5 MPH)
|
Top of the 9th over - 0 runs, 1 hit, 0 errors, 2 left on base; Columbia 5 - Louisiana 0 |
BOTTOM OF THE 9TH |
Louisiana Dragoons batting - Pitching for Columbia River Rats : LHP Adri van Huizen
|
Batting: RHB Jesse Garrett
|
0-0: Called Strike 0-1: Ground out 1-3 (Groundball, 34S, EV 88.8 MPH)
|
Batting: SHB Ron Carlisle
|
0-0: Ball 1-0: Ball 2-0: Foul Ball, location: 2F 2-1: Ball 3-1: Called Strike 3-2: Strikes out swinging
|
Batting: RHB Cristóbal Arteaga
|
0-0: Fly out, F9 (Flyball, 9S, EV 90.6 MPH)
|
Bottom of the 9th over - 0 runs, 0 hits, 0 errors, 0 left on base; Columbia 5 - Louisiana 0 |
|